 Dungeon Crawl Stone Soup version 0.31-a0-854-g362426d53f (webtiles) character file.

Game seed: 2706939033749579790

1806 avis the Nimble (level 8, -5/36 HPs)
             Began as a Felid Artificer on Oct 8, 2023.
             Was an Initiate of Gozag.
             Slain by a black bear (6 damage)
             ... on level 7 of the Dungeon.
             The game lasted 00:56:02 (7629 turns).

avis the Nimble (Felid Artificer)                   Turns: 7629, Time: 00:56:02

Health: -5/36      AC:  2    Str: 10    XL:     8   Next: 84%
Magic:  9/9        EV: 32    Int: 12    God:    Gozag
Gold:   922        SH:  0    Dex: 23    Spells: 5/7 levels left
                                        Lives:  0   Deaths: 3

rFire   . .          .
                       - Unarmed
rCold   . . .        (shield unavailable)
rNeg    . . .        (body armour unavailable)
rPois   .            (helmet unavailable)
rElec   .            (cloak unavailable)
rCorr   .            (gloves unavailable)
SInv    +            (boots unavailable)
Will    +....        (no amulet)
Stlth   +++          r - +6 ring of dexterity
HPRegen 0.26/turn    u - +5 ring of evasion
MPRegen 0.11/turn

%: no passive effects
@: beast-form, quick
A: beast (slay +3), very small, claws 1, fangs 3, see invisible, speed 1, shaggy
fur 2, stealthy paws, no weapons or thrown items, no armour, multi-lived
a: Begin Untransformation, Renounce Religion, Potion Petition, Call Merchant,
Bribe Branch


You were on level 7 of the Dungeon.
You worshipped Gozag.
Gozag was pleased with you.
You were a hulking beast.
You visited 1 branch of the dungeon, and saw 7 of its levels.
You also visited: Sewer and Ossuary.

You collected 989 gold pieces.
You paid 67 gold pieces to Gozag.

Inventory:

Jewellery
 g - a ring of poison resistance
 r - a +6 ring of dexterity (left paw)
 s - a ring of resist corrosion
 t - a ring of fire
 u - a +5 ring of evasion (right paw)
Talismans
 b - a beast talisman (active)
 l - a blade talisman
Wands
 a - a wand of flame (4) (quivered)
 q - a wand of charming (2)
Scrolls
 d - a scroll of enchant weapon {unknown}
 h - a scroll of enchant armour {unknown}
 i - 2 scrolls of noise {unknown}
 j - 2 scrolls of fear {unknown}
 m - a scroll of blinking
 n - 2 scrolls of teleportation {unknown}
 w - a scroll of immolation {unknown}
 y - a scroll of fog {unknown}
 B - a scroll of vulnerability {unknown}
 D - a scroll of torment
Potions
 e - a potion of attraction
 f - a potion of haste {unknown}
 k - 3 potions of curing {unknown}
 o - 5 potions of lignification
 p - a potion of cancellation {unknown}
 v - 3 potions of degeneration
 x - 2 potions of brilliance
 z - 3 potions of heal wounds
 A - a potion of resistance {unknown}
 C - a potion of enlightenment {unknown}


   Skills:
 - Level 4.0 Fighting
 * Level 10.8 Dodging
 - Level 4.0 Stealth
 - Level 3.0 Unarmed Combat
 - Level 4.0 Evocations
 - Level 5.3 Shapeshifting


You had 5 spell levels left.
You knew the following spells:

 Your Spells              Type           Power      Damage    Failure   Level
a - Wereblood             Tmut           0%         N/A       45%         2

Your spell library contained the following spells:

 Spells                   Type           Power      Damage    Failure   Level
 Apportation              Tloc           0%         N/A       32%         1
 Necrotise                Necr           0%         1d4       32%         1
 Summon Small Mammal      Summ           0%         N/A       32%         1
 Cigotuvi's Dreadful Rot  Necr/Pois/Air  0%         N/A       45%         2
 Sublimation of Blood     Necr           0%         N/A       45%         2
 Vampiric Draining        Necr           0%         2d6       69%         3
 Dispel Undead            Necr           0%         3d6       97%         4
 Vhi's Electric Charge    Tloc/Air       0%         N/A       97%         4
 Agony                    Necr           0%         N/A       100%        5
 Arcjolt                  Conj/Air       0%         1d10      100%        5
 Summon Forest            Summ/Tloc      0%         N/A       100%        5
 Summon Mana Viper        Hex/Summ       0%         N/A       100%        5
 Death Channel            Necr           0%         N/A       100%        6
 Plasma Beam              Fire/Air       0%         2x1d10    100%        6
 Summon Cactus Giant      Summ           0%         N/A       100%        6
 Summon Hydra             Summ           0%         N/A       100%        7
 Chain Lightning          Conj/Air       0%         N/A       100%        9
 Fire Storm               Conj/Fire      0%         5d1       100%        9
 Shatter                  Erth           0%         3d5*      100%        9


Dungeon Overview and Level Annotations

Branches:
Dungeon (7/15)             Temple (0/1) D:7           Sewer (visited)
Ossuary (visited)

Altars:
Dithmenos
Gozag
Qazlal
Ru
Sif Muna
Zin

Shops:
D:4 [   D:6 [

Annotations:
D:3 justen's ghost, weakling MfSh
D:5 exclusion: door


Innate Abilities, Weirdness & Mutations

You are a hulking beast.
Your limbs bulge with bestial killing power. (Slay +3)
You have sharp claws.
You have razor-sharp teeth.
You have supernaturally acute eyesight. (SInv)
You cover ground quickly. (Speed+)
You are covered in thick fur. (AC +2)
Your paws help you pounce on unaware monsters.
You are incapable of wielding weapons or throwing items.
You cannot wear armour.
You gain extra lives every three experience levels.


Message History

You claw the black bear!
The black bear is moderately wounded.
The black bear bites you but does no damage.
The black bear misses you. x2
You barely miss the black bear. Your bite misses the black bear.
The black bear is moderately wounded.
The black bear completely misses you. The black bear barely misses you.
The black bear closely misses you.
You claw the black bear!
The black bear is heavily wounded.
The black bear bites you. The black bear misses you.
The black bear completely misses you.
You scratch the black bear.
The black bear is heavily wounded.
The black bear completely misses you. The black bear closely misses you.
The black bear claws you.
You closely miss the black bear. You bite the black bear.
The black bear is heavily wounded.
The black bear closely misses you. The black bear completely misses you.
The black bear claws you.
* * * LOW HITPOINT WARNING * * *
You scratch the black bear.
The black bear is severely wounded.
The black bear goes berserk!
You scratch the black bear.
The black bear is almost dead.
The black bear completely misses you. x3
You scratch the black bear but do no damage.
The black bear is almost dead.
The black bear closely misses you. The black bear misses you.
The black bear claws you.
* * * LOW HITPOINT WARNING * * *
The black bear completely misses you. The black bear claws you.
* * * LOW HITPOINT WARNING * * *
The black bear barely misses you.
You scratch the black bear.
The black bear is almost dead.
The black bear bites you.
You die...
Your body crumbles into a pile of gold.

#######..⌠...⌠..#
#..............
..#.........###
...##.##.##.##.#
..# ##
#.#......#. ..##
....####... .....
#.# ..... #h#
......
#h########......
#..............#
########.#.####
#.#.# #.#.#
#.#.## #....#
###..# #..#


You could see a black bear (berserk).

Vanquished Creatures
  An ice beast (D:6)
  3 centaurs
  An ogre (D:5)
  2 phantoms
  3 bullfrogs
  3 howler monkeys (D:7)
  4 hounds
  3 human zombies (Ossuary)
  2 jellies
  3 orc priests
  7 iguanas
  3 orc wizards
  2 mummies (Ossuary)
  2 gnolls (D:4)
  6 adders
  A shadow imp (D:6)
  3 adder zombies (Ossuary)
  A worm (D:2)
  4 dart slugs
  13 orcs
  16 ball pythons
  6 bats
  13 endoplasms
  10 giant cockroaches
  9 goblins
  3 hobgoblins
  6 jackals
  21 quokkas
  11 frilled lizards
  11 hobgoblin zombies (Ossuary)
  3 jackal zombies (Ossuary)
  9 kobolds
  9 kobold zombies (Ossuary)
  7 orc zombies (Ossuary)
  7 rats
  A rat zombie (Ossuary)
209 creatures vanquished.

Vanquished Creatures (collateral kills)
  A gnoll (D:4)
  A kobold (D:4)
2 creatures vanquished.

Vanquished Creatures (others)
  A scorpion (D:4)
  A gnoll (D:4)
  A shadow imp (D:4)
  An orc (D:7)
  2 giant cockroaches (D:3)
  A jackal (D:2)
7 creatures vanquished.

Grand Total: 218 creatures vanquished

Notes
Turn   | Place    | Note
-------+----------+-------------------------------------------
     0 | D:1      | avis the Felid Artificer began the quest for the Orb.
     0 | D:1      | Reached XP level 1. HP: 9/9 MP: 2/2
     0 | D:1      | Noticed a green draconian
     3 | D:1      | Noticed a tentacled monstrosity
     6 | D:1      | Noticed an iron dragon
     8 | D:1      | Noticed a tentacled monstrosity
    10 | D:1      | Noticed an iron dragon
    12 | D:1      | Noticed an iron dragon
    12 | D:1      | Noticed a black draconian
    14 | D:1      | Noticed an orb of fire
    14 | D:1      | Noticed a tentacled monstrosity
    16 | D:1      | Noticed an orb of fire
    18 | D:1      | Noticed an ice dragon
    18 | D:1      | Noticed an ice dragon
    20 | D:1      | Noticed a black draconian
   230 | D:1      | Reached XP level 2. HP: 6/12 MP: 3/3
   276 | D:1      | Reached skill level 4 in Dodging
   953 | D:2      | Reached XP level 3. HP: 15/15 MP: 4/4
  1039 | D:2      | Reached skill level 1 in Unarmed Combat
  1354 | D:2      | Identified the +0 robe "Meigamuq" {*Slow Regen+ Str+6}
  1928 | D:3      | Found a sacrificial altar of Ru.
  1956 | D:3      | Found a glowing drain.
  2040 | D:3      | Reached XP level 4. HP: 7/19 MP: 5/5
  2063 | Sewer    | Entered a sewer
  2615 | Sewer    | Reached XP level 5. HP: 11/22 MP: 6/6
  2749 | Sewer    | Reached skill level 5 in Dodging
  3126 | D:3      | Noticed justen's ghost (weakling MfSh)
  3132 | D:3      | Found a transporter.
  3180 | D:3      | Found a shadowy altar of Dithmenos.
  3196 | D:3      | Learned a level 2 spell: Wereblood
  3223 | D:3      | Found a transporter.
  3838 | D:4      | Found a glowing silver altar of Zin.
  3844 | D:4      | Found an opulent altar of Gozag.
  3857 | D:4      | Became a worshipper of Gozag Ym Sagoz the Greedy
  3970 | D:4      | HP: 1/22 [scorpion (2)]
  3991 | D:4      | Reached skill level 6 in Dodging
  3991 | D:4      | Reached skill level 1 in Shapeshifting
  3991 | D:4      | Gained mutation: You are covered in thick fur. (AC +2)
                  | [Felid growth]
  3991 | D:4      | Reached XP level 6. HP: 7/26 MP: 7/7
  4432 | D:4      | HP: 1/26 [orc priest/divine providence (11)]
  4433 | D:4      | Killed from afar by an orc priest
  4588 | D:4      | Found Nefatux's Armour Shop.
  4904 | D:5      | Entered Level 5 of the Dungeon
  5180 | D:5      | Reached XP level 7. HP: 17/30 MP: 8/8
  5315 | D:5      | Reached skill level 7 in Dodging
  5561 | D:5      | Reached skill level 8 in Dodging
  5716 | D:5      | Found a stormy altar of Qazlal.
  5870 | D:5      | Reached skill level 9 in Dodging
  6016 | D:5      | Found a shimmering blue altar of Sif Muna.
  6309 | D:6      | Reached XP level 8. HP: 29/34 MP: 9/9
  6345 | D:6      | Found a sand-covered staircase.
  6399 | Ossuary  | Entered an ossuary
  6715 | Ossuary  | Reached skill level 5 in Shapeshifting
  6728 | Ossuary  | Slain by a mummy
  6936 | D:6      | Reached skill level 10 in Dodging
  7248 | D:6      | Found Avvopek's Antique Armour Emporium.
  7552 | D:7      | Found a staircase to the Ecumenical Temple.
  7559 | D:7      | Noticed a red ugly thing
  7575 | D:7      | Mangled by a red ugly thing
  7628 | D:7      | HP: 1/36 [black bear (2)]
  7629 | D:7      | Slain by a black bear

Illustrated notes

Levels and vault maps discovered:
D:1:      shiori_arrival_whats_in_store_for_you, layout_loops_ring
D:2:      layout_basic, minmay_between
D:3:      layout_basic, nicolae_dithmenos_shadow_blocks,
          nicolae_ru_the_path_less_chosen, gammafunk_ghost_stat_death,
          gup_sewer_entry_glass, minmay_misc_feat_hallway,
          nicolae_figureground_pulse
D:4:      layout_basic, mainiacjoe_overflow_small_starburst,
          nicolae_gozag_cash_rules_everything_around_me, serial_shops, shop,
          minmay_crystal_water
D:5:      layout_loops_ring, led_sif_book, mainiacjoe_overflow_alcove_4,
          hangedman_glass_teeth
D:6:      layout_loops_cross, nicolae_ossuary_entry_false_entrances,
          serial_shops, shop
D:7:      layout_loops_ring, bloody_makhleb, minmay_temple_entry_large_hall,
          minmay_joined_circles

Skill      XL: |  1  2  3  4  5  6  7  8 |
---------------+-------------------------+-----
Stealth        | 2 3 4 |  4.0
Dodging        | 4 6 9 10 | 10.8
Evocations     | 4 |  4.0
Unarmed Combat | 1 3 |  3.0
Fighting       | 2 3 4 |  4.0
Shapeshifting  | 1 3 4 5 |  5.3

Action                     |  1- 3 |  4- 6 |  7- 9 || total
---------------------------+-------+-------+-------++-------
  Melee: Unarmed           |   143 |   251 |   274 ||   668
         Bite              |    18 |    21 |    33 ||    72
         Punch             |     1 |     3 |     9 ||    13
  Evoke: Wand              |     6 |    19 |     9 ||    34
    Use: Potion            |     1 |       |       ||     1
         Scroll            |       |       |     5 ||     5
   Stab: Sleeping          |    12 |     6 |     8 ||    26
         Distracted        |       |       |     4 ||     4
 Armour: Skin              |    40 |    67 |    49 ||   156
  Dodge: Dodged            |   134 |   236 |   228 ||   598
   Form: Beast             |       |     1 |       ||     1

Table legend: (Time is in decaauts)
 A = Elapsed time spent in this place.
 B = Non-inter-level travel time spent in this place.
 C = Inter-level travel time spent in this place.
 D = Time resting spent in this place.
 E = Time spent auto-exploring this place.
 F = Levels seen in this place.
 G = Mean time per level.
                   A        B        C        D        E       F      G
               +--------+--------+--------+--------+--------+-----+--------+
         Total |   6613 |   6246 |    367 |   1211 |   2357 |   9 |  734.8 |
       Dungeon |   5499 |   5132 |    367 |    885 |   2356 |   7 |  785.6 |
         Sewer |    717 |    717 |      0 |    326 |      1 |   1 |  717.0 |
       Ossuary |    396 |    396 |      0 |      0 |      0 |   1 |  396.0 |
               +--------+--------+--------+--------+--------+-----+--------+

Top non-repeatable levels by time:
     D:5: 1138 daAuts
     D:4: 1061 daAuts
     D:3: 952 daAuts
     D:2: 860 daAuts
     D:1: 742 daAuts
   Sewer: 717 daAuts
     D:6: 658 daAuts
 Ossuary: 396 daAuts
     D:7: 85 daAuts
